TOP OF THE 1ST |
District 9 Prawns batting - Pitching for Gresham Gold Souls : RHP Jesús Gonzáles
|
Pitching: RHP Jesús Gonzáles
|
|
Batting: SHB Júlio Macías
|
0-0: Called Strike 0-1: Foul Ball, location: 2F 0-2: Ground out 6-3 (Groundball, 6D)
|
Batting: SHB David Boyle
|
0-0: Ball 1-0: Ball 2-0: Foul Ball, location: 2F 2-1: Swinging Strike 2-2: Ball 3-2: Base on Balls
|
Batting: LHB Mike Davis
|
0-0: Ball David Boyle is caught stealing 2nd base 1-0: Ball 2-0: Foul Ball, location: 2F 2-1: SINGLE (Groundball, 3D)
|
Batting: SHB Chris Barrett
|
0-0: Called Strike 0-1: Foul Ball, location: 2F 0-2: Strikes out swinging
|
Top of the 1st over - 0 runs, 1 hit, 0 errors, 1 left on base; District 9 0 - Gresham 0 |
BOTTOM OF THE 1ST |
Gresham Gold Souls batting - Pitching for District 9 Prawns : RHP Isaac Pope
|
Pitching: RHP Isaac Pope
|
|
Batting: LHB Joel Nelson
|
0-0: Ball 1-0: Ground out 6-3 (Groundball, 6M)
|
Batting: RHB Jared Thompson
|
0-0: Called Strike 0-1: Ball 1-1: Ball 2-1: Ball 3-1: Base on Balls
|
Batting: RHB Peter Hensley
|
0-0: Ball Jared Thompson steals 2nd base 1-0: Foul Ball, location: 2F 1-1: Foul Ball, location: 2F 1-2: Ball 2-2: Ball 3-2: Foul Ball, location: 2F 3-2: Base on Balls
|
Batting: LHB Jeff Forsyth
|
0-0: Ball 1-0: Swinging Strike 1-1: Fly out, F4 (Popup, 4MS)
|
Batting: RHB Norm Francis
|
0-0: SINGLE (Flyball, 8LS) Jared Thompson to third Peter Hensley to second Runner from 3rd tries for Home, SAFE, no throw
|
Batting: RHB Armando Solís
|
0-0: Foul Ball, location: 2F 0-1: Ball 1-1: SINGLE (Groundball, 6MD) Peter Hensley to third Norm Francis to second Runner from 3rd tries for Home, SAFE, throw made home
|
Batting: LHB Caleb Hall
|
0-0: Ball 1-0: Ball 2-0: Ball 3-0: Called Strike 3-1: Fly out, F8 (Flyball, 89D)
|
Bottom of the 1st over - 2 runs, 2 hits, 0 errors, 2 left on base; District 9 0 - Gresham 2 |
TOP OF THE 2ND |
District 9 Prawns batting - Pitching for Gresham Gold Souls : RHP Jesús Gonzáles
|
Batting: RHB José Colón
|
0-0: Ball 1-0: Called Strike 1-1: Foul Ball, location: 2F 1-2: Ball 2-2: Ball 3-2: Base on Balls
|
Batting: LHB Manuel Cardenas
|
0-0: Ball 1-0: Called Strike 1-1: Foul Ball, location: 2F 1-2: Foul Ball, location: 2F 1-2: Ball 2-2: Foul Ball, location: 2F 2-2: Foul Ball, location: 2F 2-2: Foul Ball, location: 2F 2-2: Strikes out swinging
|
Batting: RHB Jimmy King
|
0-0: Ball 1-0: Ball 2-0: Foul Ball, location: 2F 2-1: Ball 3-1: Fielders Choice at 2nd, 5-4 (Groundball, 56)
|
Batting: RHB Edgardo Carrasco
|
0-0: Called Strike 0-1: Swinging Strike 0-2: Ball 1-2: Ball 2-2: Ball 3-2: Foul Ball, location: 2F 3-2: Hit by Pitch Jimmy King to second
|
Batting: RHB Bernardo Corona
|
0-0: Called Strike 0-1: Ball 1-1: Foul Ball, location: 2F 1-2: Foul Ball, location: 2F 1-2: Foul Ball, location: 2F 1-2: Ball 2-2: Fly out, F4 (Popup, 13)
|
Top of the 2nd over - 0 runs, 0 hits, 0 errors, 2 left on base; District 9 0 - Gresham 2 |
BOTTOM OF THE 2ND |
Gresham Gold Souls batting - Pitching for District 9 Prawns : RHP Isaac Pope
|
Batting: RHB Jesús Gutiérrez
|
0-0: Ball 1-0: Ball 2-0: Foul Ball, location: 2F 2-1: Swinging Strike 2-2: Ball 3-2: Strikes out looking
|
Batting: LHB Héctor Cruz
|
0-0: Swinging Strike 0-1: Swinging Strike 0-2: Strikes out swinging
|
Batting: LHB Joel Nelson
|
0-0: Swinging Strike 0-1: Ground out 6-3 (Groundball, 6)
|
Bottom of the 2nd over - 0 runs, 0 hits, 0 errors, 0 left on base; District 9 0 - Gresham 2 |
TOP OF THE 3RD |
District 9 Prawns batting - Pitching for Gresham Gold Souls : RHP Jesús Gonzáles
|
Batting: SHB Júlio Macías
|
0-0: Ball 1-0: Foul Ball, location: 2F 1-1: Ball 2-1: Ball 3-1: Foul Ball, location: 2F 3-2: Base on Balls
|
Batting: SHB David Boyle
|
0-0: Ball 1-0: Called Strike Júlio Macías steals 2nd base 1-1: Ball 2-1: Foul Ball, location: 2F 2-2: Fly out, F8 (Flyball, 8LM) Runner from 2nd tags up, OUT at 3rd
|
Batting: LHB Mike Davis
|
0-0: Ball 1-0: Ball 2-0: Ball 3-0: Called Strike 3-1: Base on Balls
|
Batting: SHB Chris Barrett
|
0-0: Ball 1-0: DOUBLE (Line Drive, 89D) Mike Davis to third Runner from 3rd tries for Home, SAFE, no throw
|
Batting: RHB José Colón
|
0-0: SINGLE (Groundball, 34D) Chris Barrett to third Runner from 3rd tries for Home, SAFE, throw made home
|
Batting: LHB Manuel Cardenas
|
0-0: Ball 1-0: Swinging Strike 1-1: Foul Ball, location: 2F 1-2: Foul Ball, location: 2F 1-2: Foul Ball, location: 2F 1-2: Strikes out swinging
|
Top of the 3rd over - 2 runs, 2 hits, 0 errors, 1 left on base; District 9 2 - Gresham 2 |
BOTTOM OF THE 3RD |
Gresham Gold Souls batting - Pitching for District 9 Prawns : RHP Isaac Pope
|
Batting: RHB Jared Thompson
|
0-0: SINGLE (Line Drive, 8LS)
|
Batting: RHB Peter Hensley
|
0-0: Ball 1-0: Called Strike Jared Thompson steals 2nd base 1-1: Swinging Strike 1-2: Fly out, F7 (Flyball, 78M)
|
Batting: LHB Jeff Forsyth
|
0-0: Swinging Strike 0-1: Swinging Strike 0-2: Ball 1-2: Strikes out swinging
|
Batting: RHB Norm Francis
|
0-0: Ball 1-0: Called Strike 1-1: Foul Ball, location: 2F 1-2: Foul Ball, location: 2F 1-2: Foul Ball, location: 2F 1-2: Strikes out swinging
|
Bottom of the 3rd over - 0 runs, 1 hit, 0 errors, 1 left on base; District 9 2 - Gresham 2 |
TOP OF THE 4TH |
District 9 Prawns batting - Pitching for Gresham Gold Souls : RHP Jesús Gonzáles
|
Batting: RHB Jimmy King
|
0-0: Foul Ball, location: 2F 0-1: Ball 1-1: Ground out 6-3 (Groundball, 6)
|
Batting: RHB Edgardo Carrasco
|
0-0: Ball 1-0: Ball 2-0: Foul Ball, location: 2F 2-1: Foul Ball, location: 2F 2-2: Foul Ball, location: 2F 2-2: SINGLE (Groundball, 4MD)
|
Batting: RHB Bernardo Corona
|
0-0: Called Strike 0-1: DOUBLE (Flyball, 8RD) Edgardo Carrasco to third Runner from 3rd tries for Home, SAFE, no throw
|
Batting: SHB Júlio Macías
|
0-0: Called Strike 0-1: Fly out, F7 (Flyball, 7LM)
|
Batting: SHB David Boyle
|
0-0: Ball 1-0: Ball 2-0: Ball 3-0: Called Strike 3-1: Foul Ball, location: 2F 3-2: Foul Ball, location: 2F 3-2: Ground out 4-3 (Groundball, 4)
|
Top of the 4th over - 1 run, 2 hits, 0 errors, 1 left on base; District 9 3 - Gresham 2 |
BOTTOM OF THE 4TH |
Gresham Gold Souls batting - Pitching for District 9 Prawns : RHP Isaac Pope
|
Batting: RHB Armando Solís
|
0-0: Ball 1-0: Ball 2-0: Foul Ball, location: 2F 2-1: Foul Ball, location: 2F 2-2: Ground out 1-3 (Groundball, 13S)
|
Batting: LHB Caleb Hall
|
0-0: Called Strike 0-1: Foul Ball, location: 2F 0-2: Ball 1-2: Ball 2-2: Foul Ball, location: 2F 2-2: Ground out 5-3 (Groundball, 56S)
|
Batting: RHB Jesús Gutiérrez
|
0-0: Ball 1-0: Called Strike 1-1: SINGLE (Groundball, 5D)
|
Batting: LHB Héctor Cruz
|
0-0: Called Strike 0-1: Ball 1-1: Fly out, F7 (Line Drive, 7)
|
Bottom of the 4th over - 0 runs, 1 hit, 0 errors, 1 left on base; District 9 3 - Gresham 2 |
TOP OF THE 5TH |
District 9 Prawns batting - Pitching for Gresham Gold Souls : RHP Jesús Gonzáles
|
Pitching: RHP Bob Bartell
|
|
Batting: LHB Mike Davis
|
0-0: Ball 1-0: Swinging Strike 1-1: Ball 2-1: Ball 3-1: Called Strike 3-2: Strikes out swinging
|
Batting: SHB Chris Barrett
|
0-0: Fly out, F5 (Line Drive, 56)
|
Batting: RHB José Colón
|
0-0: Called Strike 0-1: Ball 1-1: SINGLE (Groundball, 6MD)
|
Batting: LHB Manuel Cardenas
|
0-0: Called Strike 0-1: Ball 1-1: Ball 2-1: Called Strike 2-2: Ball 3-2: Base on Balls José Colón to second
|
Batting: RHB Jimmy King
|
0-0: Ball 1-0: Ball 2-0: Ball 3-0: Base on Balls José Colón to third Manuel Cardenas to second
|
Batting: RHB Edgardo Carrasco
|
0-0: Ball 1-0: Ball 2-0: Ball 3-0: Called Strike 3-1: Foul Ball, location: 2F 3-2: Foul Ball, location: 2F 3-2: SINGLE (Groundball, 6MD) José Colón scores Manuel Cardenas to third Jimmy King to second Manuel Cardenas scores Jimmy King to third
|
Batting: RHB Bernardo Corona
|
0-0: Called Strike 0-1: Ball 1-1: Called Strike 1-2: Hit by Pitch Edgardo Carrasco to second
|
Batting: SHB Júlio Macías
|
0-0: Foul Ball, location: 2F 0-1: Fly out, F8 (Flyball, 8RD)
|
Top of the 5th over - 2 runs, 2 hits, 0 errors, 3 left on base; District 9 5 - Gresham 2 |
BOTTOM OF THE 5TH |
Gresham Gold Souls batting - Pitching for District 9 Prawns : RHP Isaac Pope
|
Batting: LHB Joel Nelson
|
0-0: Called Strike 0-1: Swinging Strike 0-2: Ball 1-2: Ball 2-2: Ball 3-2: Fly out, F9 (Flyball, 9D)
|
Batting: RHB Jared Thompson
|
0-0: SINGLE (Line Drive, 8RS)
|
Batting: RHB Peter Hensley
|
0-0: Ball 1-0: Ball 2-0: Foul Ball, location: 2F 2-1: Foul Ball, location: 2F 2-2: Strikes out looking Jared Thompson steals 2nd base Batter strikes out.
|
Batting: LHB Jeff Forsyth
|
0-0: Swinging Strike 0-1: Foul Ball, location: 2F 0-2: Ball 1-2: Strikes out swinging
|
Bottom of the 5th over - 0 runs, 1 hit, 0 errors, 1 left on base; District 9 5 - Gresham 2 |
TOP OF THE 6TH |
District 9 Prawns batting - Pitching for Gresham Gold Souls : RHP Bob Bartell
|
Pitching: RHP Fernando Gutiérrez
|
|
Batting: SHB David Boyle
|
0-0: Ball 1-0: Foul Ball, location: 2F 1-1: Ball 2-1: Foul Ball, location: 2F 2-2: Ball 3-2: SINGLE (Groundball, 3D)
|
Batting: LHB Mike Davis
|
0-0: Ball 1-0: Ball 2-0: Foul Ball, location: 2F 2-1: Ball 3-1: Called Strike 3-2: Base on Balls David Boyle to second
|
Batting: SHB Chris Barrett
|
0-0: Called Strike 0-1: Foul Ball, location: 2F 0-2: Strikes out looking
|
Batting: RHB José Colón
|
0-0: Ball 1-0: Ball 2-0: Ball 3-0: Called Strike 3-1: Called Strike 3-2: Ground out 6-3 (Groundball, 6S) David Boyle to third Mike Davis to second
|
Batting: LHB Manuel Cardenas
|
0-0: Ball 1-0: Ball 2-0: Ball 3-0: Called Strike 3-1: Foul Ball, location: 2F 3-2: Foul Ball, location: 2F 3-2: SINGLE (Line Drive, 56D) David Boyle scores Mike Davis to third Mike Davis scores
|
Batting: RHB Jimmy King
|
0-0: Ball 1-0: Called Strike 1-1: Swinging Strike 1-2: Ball 2-2: Ball 3-2: Fly out, F9 (Line Drive, 9)
|
Top of the 6th over - 2 runs, 2 hits, 0 errors, 1 left on base; District 9 7 - Gresham 2 |
BOTTOM OF THE 6TH |
Gresham Gold Souls batting - Pitching for District 9 Prawns : RHP Isaac Pope
|
Batting: RHB Norm Francis
|
0-0: Called Strike 0-1: Foul Ball, location: 2F 0-2: Foul Ball, location: 2F 0-2: Reached on error, E5 (Groundball, 56)
|
Batting: RHB Armando Solís
|
0-0: Ball 1-0: Swinging Strike 1-1: Called Strike 1-2: Strikes out looking
|
Batting: LHB Caleb Hall
|
0-0: Foul Ball, location: 2F 0-1: Ball 1-1: Ball 2-1: Called Strike 2-2: Ground out 4-3 (Groundball, 4) Norm Francis to third
|
Batting: RHB Jesús Gutiérrez
|
0-0: Fly out, F7 (Flyball, 78XD)
|
Bottom of the 6th over - 0 runs, 0 hits, 1 error, 1 left on base; District 9 7 - Gresham 2 |
TOP OF THE 7TH |
District 9 Prawns batting - Pitching for Gresham Gold Souls : RHP Fernando Gutiérrez
|
Batting: RHB Edgardo Carrasco
|
0-0: Ball 1-0: Ball 2-0: Ground out 5-3 (Groundball, 56)
|
Batting: RHB Bernardo Corona
|
0-0: Ball 1-0: Swinging Strike 1-1: Ball 2-1: Ball 3-1: Foul Ball, location: 2F 3-2: Base on Balls
|
Batting: SHB Júlio Macías
|
0-0: Ball 1-0: Ball 2-0: Ball 3-0: Called Strike 3-1: Foul Ball, location: 2F 3-2: Strikes out looking
|
Batting: SHB David Boyle
|
0-0: Ball 1-0: Ball 2-0: Ball 3-0: Base on Balls Bernardo Corona to second
|
Batting: LHB Mike Davis
|
0-0: Foul Ball, location: 2F 0-1: Ball 1-1: DOUBLE (Flyball, 8LD) Bernardo Corona scores David Boyle to third
|
Batting: SHB Chris Barrett
|
0-0: Called Strike 0-1: Foul Ball, location: 2F 0-2: Ball 1-2: DOUBLE (Line Drive, 9LS) David Boyle scores Mike Davis scores
|
Batting: RHB José Colón
|
0-0: Called Strike 0-1: Foul Ball, location: 2F 0-2: Ball 1-2: Foul Ball, location: 2F 1-2: Foul Ball, location: 2F 1-2: Foul Ball, location: 2F 1-2: Ground out 5-3 (Groundball, 56)
|
Top of the 7th over - 3 runs, 2 hits, 0 errors, 1 left on base; District 9 10 - Gresham 2 |
BOTTOM OF THE 7TH |
Gresham Gold Souls batting - Pitching for District 9 Prawns : RHP Isaac Pope
|
Batting: LHB Héctor Cruz
|
0-0: Fly out, F7 (Flyball, 7S)
|
Batting: LHB Joel Nelson
|
0-0: Called Strike 0-1: Called Strike 0-2: Strikes out swinging
|
Batting: RHB Jared Thompson
|
0-0: Ball 1-0: Called Strike 1-1: Reached on error, E8 (Flyball, 8RM)
|
Batting: RHB Peter Hensley
|
0-0: Called Strike 0-1: Ball 1-1: SINGLE (Line Drive, 8LS) Jared Thompson to third Runner from 3rd tries for Home, SAFE, no throw
|
Batting: LHB Jeff Forsyth
|
0-0: Ball 1-0: Ball 2-0: SINGLE (Groundball, 34D) Peter Hensley to second Throwing error, E9 Peter Hensley scores Jeff Forsyth to second
|
Pitching: RHP Eduardo Delgado
|
|
Batting: RHB Norm Francis
|
0-0: Ball 1-0: Swinging Strike 1-1: Called Strike 1-2: Ball 2-2: Foul Ball, location: 2F 2-2: Ball 3-2: Foul Ball, location: 2F 3-2: SINGLE (Groundball, 4MD) Jeff Forsyth to third Jeff Forsyth scores
|
Batting: RHB Armando Solís
|
0-0: Called Strike 0-1: Ball 1-1: Ball 2-1: Ball 3-1: Base on Balls Norm Francis to second
|
Batting: LHB Caleb Hall
|
0-0: Ball 1-0: Ball 2-0: Ball 3-0: Called Strike 3-1: Foul Ball, location: 2F 3-2: Fly out, F8 (Flyball, 8RM)
|
Bottom of the 7th over - 3 runs, 3 hits, 2 errors, 2 left on base; District 9 10 - Gresham 5 |
TOP OF THE 8TH |
District 9 Prawns batting - Pitching for Gresham Gold Souls : RHP Fernando Gutiérrez
|
Pitching: RHP Mario Navarro
|
|
Batting: LHB Manuel Cardenas
|
0-0: Swinging Strike 0-1: Ball 1-1: SINGLE (Flyball, 9LS)
|
Batting: RHB Jimmy King
|
0-0: Called Strike 0-1: Called Strike 0-2: Strikes out looking
|
Batting: RHB Edgardo Carrasco
|
0-0: Called Strike 0-1: Foul Ball, location: 2F 0-2: 2-RUN HOME RUN (Flyball, 7D), Distance : 365 ft
|
Batting: RHB Bernardo Corona
|
0-0: Swinging Strike 0-1: Fly out, F3 (Popup, 34)
|
Batting: SHB Júlio Macías
|
0-0: Ball 1-0: Ground out 6-3 (Groundball, 6)
|
Top of the 8th over - 2 runs, 2 hits, 0 errors, 0 left on base; District 9 12 - Gresham 5 |
BOTTOM OF THE 8TH |
Gresham Gold Souls batting - Pitching for District 9 Prawns : RHP Eduardo Delgado
|
Now in LF: Donnie Cunningham
|
|
Batting: RHB Jesús Gutiérrez
|
0-0: Ground out 6-3 (Groundball, 6)
|
Batting: LHB Héctor Cruz
|
0-0: Swinging Strike 0-1: SINGLE (Groundball, 4D)
|
Batting: LHB Joel Nelson
|
0-0: Ball 1-0: Ball 2-0: Ball 3-0: Base on Balls Héctor Cruz to second
|
Batting: RHB Jared Thompson
|
0-0: Swinging Strike 0-1: Ball 1-1: Ball 2-1: Grounds into double play, 4-6-3 (Groundball, 4M)
|
Bottom of the 8th over - 0 runs, 1 hit, 0 errors, 1 left on base; District 9 12 - Gresham 5 |
TOP OF THE 9TH |
District 9 Prawns batting - Pitching for Gresham Gold Souls : RHP Mario Navarro
|
Batting: SHB David Boyle
|
0-0: Ball 1-0: Ball 2-0: Ball 3-0: Foul Ball, location: 2F 3-1: Base on Balls
|
Batting: LHB Mike Davis
|
0-0: Foul Ball, location: 2F 0-1: Hit by Pitch David Boyle to second
|
Batting: SHB Chris Barrett
|
0-0: Ball 1-0: Ball 2-0: Foul Ball, location: 2F 2-1: Ball 3-1: Foul Ball, location: 2F 3-2: Foul Ball, location: 2F 3-2: Foul Ball, location: 2F 3-2: Base on Balls David Boyle to third Mike Davis to second
|
Batting: RHB José Colón
|
0-0: Called Strike 0-1: Ball 1-1: Ball 2-1: Ball 3-1: Base on Balls David Boyle scores Mike Davis to third Chris Barrett to second
|
Batting: LHB Manuel Cardenas
|
0-0: Ball 1-0: Ball 2-0: Ball 3-0: Called Strike 3-1: Base on Balls Mike Davis scores Chris Barrett to third José Colón to second
|
Batting: LHB Donnie Cunningham
|
0-0: Ball 1-0: Grounds into fielders choice 1-2 (Groundball, 13S) José Colón to third Manuel Cardenas to second
|
Batting: RHB Edgardo Carrasco
|
0-0: Called Strike 0-1: Ball 1-1: Fly out, F9 (Flyball, 9S)
|
Batting: RHB Bernardo Corona
|
0-0: Called Strike 0-1: Ball 1-1: Foul Ball, location: 2F 1-2: Strikes out swinging
|
Top of the 9th over - 2 runs, 0 hits, 0 errors, 3 left on base; District 9 14 - Gresham 5 |
BOTTOM OF THE 9TH |
Gresham Gold Souls batting - Pitching for District 9 Prawns : RHP Eduardo Delgado
|
Pinch Hitting: SHB Todd Smith
|
0-0: Ball 1-0: SINGLE (Groundball, 6MD)
|
Batting: LHB Jeff Forsyth
|
0-0: Foul Ball, location: 2F 0-1: Ball 1-1: Foul Ball, location: 2F 1-2: Strikes out swinging
|
Batting: RHB Norm Francis
|
0-0: Ball 1-0: Called Strike 1-1: Ball 2-1: Grounds into double play, 6-4-3 (Groundball, 6)
|
Bottom of the 9th over - 0 runs, 1 hit, 0 errors, 0 left on base; District 9 14 - Gresham 5 |
|